 Dungeon Crawl Stone Soup version 0.29-a0-542-g075992c915 (webtiles) character file.

Game seed: 18277858194497476867

106 happo123 the Sneak (level 5, 0/29 HPs)
             Began as a Kobold Enchanter on June 5, 2022.
             Slain by an orc wizard
             ... wielding a +3 dagger
              (7 damage)
             ... on level 3 of the Dungeon.
             The game lasted 00:09:08 (2455 turns).

happo123 the Sneak (Kobold Enchanter)               Turns: 2455, Time: 00:09:09

Health: 0/29       AC:  3    Str:  5    XL:     5   Next: 10%
Magic:  9/9        EV: 15    Int: 19    God:
Gold:   169        SH:  0    Dex: 15    Spells: 4/9 levels left

rFire   . . .      SeeInvis .   m - +2 short sword (venom)
rCold   . . .      Faith    .   (no shield)
rNeg    . . .      Spirit   .   b - +0 robe
rPois   .          Reflect  .   (helmet restricted)
rElec   .          Harm     .   (no cloak)
rCorr   .          Rampage  .   (no gloves)
Will    +....                   f - +0 pair of boots
Stlth   ++++......              (no amulet)
HPRegen 0.09/turn               (no ring)
MPRegen 0.11/turn               (no ring)

@: no status effects
A: small, no large weapons, nightstalker 3, horns 1, talons 1, high MP 1,
strong-willed 1
a: no special abilities


You were on level 3 of the Dungeon.
You visited 1 branch of the dungeon, and saw 3 of its levels.

You collected 169 gold pieces.

Inventory:

Hand Weapons
 a - a +1 dagger
 m - a +2 short sword of venom (weapon)
 p - the +7 Throatcutter {drain, coup de grace}
   (You took it off a kobold on level 2 of the Dungeon)

   A truly terrible weapon, it drains the life of any living foe it strikes.
   It may instantly kill foes which have little health.
Armour
 b - a +0 robe (worn)
 f - a +0 pair of boots (worn)
Magical Staves
 l - a staff of earth
Jewellery
 o - a ring of poison resistance
Wands
 q - a wand of flame (7)
Scrolls
 e - 2 scrolls of fog {unknown}
 i - 4 scrolls of identify {unknown}
 j - a scroll of vulnerability {unknown}
Potions
 c - 2 potions of invisibility
 h - 2 potions of mutation
 k - a potion of resistance {unknown}
 n - a potion of heal wounds {unknown}


   Skills:
 + Level 1.5 Fighting
 + Level 2.4 Short Blades
 + Level 3.1 Dodging
 + Level 4.7 Stealth
 + Level 2.6 Spellcasting
 * Level 3.8 Hexes


You had 4 spell levels left.
You knew the following spells:

 Your Spells              Type           Power      Damage    Failure   Level
a - Ensorcelled Hibernat  Hex/Ice        18%        N/A       11%         2
b - Confusing Touch       Hex            17%        N/A       10%         3

Your spell library contained the following spells:

 Spells                   Type           Power      Damage    Failure   Level
 Tukima's Dance           Hex            17%        N/A       10%         3
 Dazzling Flash           Conj/Hex       18%        N/A       22%         3
 Animate Armour           Summ/Erth      4%         N/A       85%         4
 Monstrous Menagerie      Summ           1%         N/A       100%        7
 Borgnjor's Revivificati  Necr           1%         N/A       100%        8
 Necromutation            Tmut/Necr      1%         N/A       100%        8
 Death's Door             Necr           1%         N/A       100%        9
 Polar Vortex             Ice            1%         N/A       100%        9


Dungeon Overview and Level Annotations

Branches:
Dungeon (3/15)

Altars:


Innate Abilities, Weirdness & Mutations

You are small and have problems with some larger weapons.
You are completely attuned to the shadows.
You have a pair of small horns on your head.
You have sharp toenails.
You have an increased reservoir of magic. (+10% MP)
You are strong-willed. (Will+)


Message History

You kill the kobold!
Found a potion of invisibility.
You see here a +0 whip.
An endoplasm comes into view.
Found 18 stones.
A ball python comes into view.
Found a stone staircase leading down.
You closely miss the orc wizard.
The orc wizard shouts!
The ball python hisses angrily.
The endoplasm quivers.
The orc wizard gestures at you while chanting.
You are confused.
You're too confused to cast spells.
You barely miss the orc wizard.
The orc wizard hits you with a +3 dagger.
The endoplasm closely misses you. The ball python bites you.
The ball python grabs you. The ball python constricts you.
You hit the orc wizard but do no damage.
The orc wizard is poisoned.
The ball python bites you. The ball python constricts you.
The orc wizard hits you with a +3 dagger.
The endoplasm freezes you.
You are frozen.
You puncture the ball python!
You kill the ball python!
The orc wizard hits you with a +3 dagger.
The endoplasm hits you. The endoplasm attacks as you move away!
The endoplasm barely misses you. The orc wizard closely misses you.
You completely miss the orc wizard.
The orc wizard is heavily wounded.
The orc wizard hits you with a +3 dagger.
The endoplasm freezes you.
You are frozen.
* * * LOW HITPOINT WARNING * * *
You barely miss the endoplasm. You headbutt the endoplasm.
The endoplasm is lightly wounded.
You feel less confused.
The orc wizard hits you with a +3 dagger!
You die...

###.....
#####.....
..........
.........###
.........#
.........#
>......).#
.........#
.....o@..#
...!.J...#
.........#
....(....#
###+#####


You could see an orc wizard (very poisoned) and an endoplasm.

Vanquished Creatures
  4 adders
  A worm (D:2)
  A dart slug (D:2)
  4 orcs
  4 ball pythons
  5 endoplasms (D:2)
  8 goblins
  8 hobgoblins
  5 kobolds
  3 quokkas
  6 bats
  A frilled lizard (D:1)
  3 rats
53 creatures vanquished.

Vanquished Creatures (others)
  3 fungi (D:3)
  A plant (D:3)
4 creatures vanquished.

Grand Total: 57 creatures vanquished

Notes
Turn   | Place    | Note
-------+----------+-------------------------------------------
     0 | D:1      | happo123 the Kobold Enchanter began the quest for the Orb.
     0 | D:1      | Reached XP level 1. HP: 10/10 MP: 3/3
    79 | D:1      | Got Fesmaebb's Incunabulum of Thrice Damned Blessings
   135 | D:1      | Reached XP level 2. HP: 13/15 MP: 5/5
   139 | D:1      | Learned a level 2 spell: Ensorcelled Hibernation
   867 | D:2      | Reached XP level 3. HP: 20/20 MP: 3/6
   871 | D:2      | Learned a level 3 spell: Confusing Touch
   904 | D:2      | Reached skill level 1 in Fighting
  1244 | D:2      | Reached XP level 4. HP: 25/25 MP: 2/7
  2359 | D:3      | Reached XP level 5. HP: 16/29 MP: 4/8
  2372 | D:3      | Gained mutation: You have sharp toenails. [potion of
                  | mutation]
  2372 | D:3      | Gained mutation: You have an increased reservoir of magic.
                  | (+10% MP) [potion of mutation]
  2372 | D:3      | Gained mutation: You are strong-willed. (Will+) [potion of
                  | mutation]
  2372 | D:3      | Gained mutation: You have a pair of small horns on your
                  | head. [potion of mutation]
  2416 | D:3      | Found a faded altar of an unknown god.
  2455 | D:3      | Slain by an orc wizard

Illustrated notes

Levels and vault maps discovered:
D:1:      matt_arrival_refuge, layout_basic
D:2:      layout_loops_ring, minmay_randomly_rotated_circles
D:3:      layout_basic, shapermc_ecumenical_altar_mp_urbaneastern

Skill      XL: |  1  2  3  4 |
---------------+-------------+-----
Fighting       | 1 |  1.5
Short Blades   | 2 |  2.4
Dodging        | 3 |  3.1
Stealth        | |  4.7
Spellcasting   | |  2.6
Hexes          | |  3.8

Action                   |  1- 3 |  4- 6 || total
-------------------------+-------+-------++-------
Melee: Dagger            |    28 |       ||    28
       Short sword       |     3 |    52 ||    55
       Long sword        |       |     4 ||     4
       Headbutt          |       |     1 ||     1
 Cast: Ensorcelled Hiber |    19 |     6 ||    25
  Use: Potion            |       |     3 ||     3
 Stab: Sleeping          |    24 |    12 ||    36
       Distracted        |       |     1 ||     1
Armor: Robe              |     3 |     7 ||    10
Dodge: Dodged            |    11 |    38 ||    49

Table legend: (Time is in decaauts)
 A = Elapsed time spent in this place.
 B = Non-inter-level travel time spent in this place.
 C = Inter-level travel time spent in this place.
 D = Time resting spent in this place.
 E = Time spent auto-exploring this place.
 F = Levels seen in this place.
 G = Mean time per level.
                   A        B        C        D        E       F      G
               +--------+--------+--------+--------+--------+-----+--------+
         Total |   2451 |   2291 |    160 |      4 |   1889 |   3 |  817.0 |
       Dungeon |   2451 |   2291 |    160 |      4 |   1889 |   3 |  817.0 |
               +--------+--------+--------+--------+--------+-----+--------+

Top non-repeatable levels by time:
     D:2: 1421 daAuts
     D:1: 809 daAuts
     D:3: 220 daAuts
